 Dungeon Crawl Stone Soup version 0.30.1-1-g62c8e00024 (webtiles) character file.

Game seed: 13929988014364671751

849 Atelerd the Magician (level 8, 0/48 HPs)
             Began as an Octopode Earth Elementalist on July 16, 2023.
             Slain by an orc priest
             ... wielding a +0 mace
              (4 damage)
             ... on level 7 of the Dungeon.
             The game lasted 00:07:52 (4426 turns).

Atelerd the Magician (Octopode Earth Elementalist)  Turns: 4426, Time: 00:07:53

Health: 0/48       AC:  1    Str:  5 (7)  XL:     8   Next: 1%
Magic:  9/16       EV: 13    Int: 19 (20) God:
Gold:   103        SH:  5    Dex: 10 (12) Spells: 12/17 levels left

rFire   . . .        j - +0 short sword
rCold   . . .        (no shield)
rNeg    . . .        (helmet restricted)
rPois   .            q - amulet of reflection
rElec   .            (no ring)
rCorr   .            (no ring)
SInv    .            (no ring)
Will    .....        (no ring)
Stlth   ++++         (no ring)
HPRegen 0.28/turn    (no ring)
MPRegen 0.15/turn    (no ring)
                     (no ring)

%: reflection
@: attractive
A: almost no armour, amphibious, 8 rings, camouflage 1, gelatinous body 1,
(nimble swimmer 1), tentacles
a: no special abilities


You were on level 7 of the Dungeon.
You visited 1 branch of the dungeon, and saw 5 of its levels.

You collected 148 gold pieces.
You spent 45 gold pieces at shops.

Inventory:

Hand Weapons
 d - a +0 spear
 j - a +0 short sword (weapon)
 r - a +0 hand axe
Jewellery
 q - an amulet of reflection (around mantle)
Wands
 s - a wand of digging (4)
 t - a wand of quicksilver (6)
Scrolls
 e - a scroll of teleportation
 f - 2 scrolls of blinking {unknown}
 g - a scroll of amnesia
 h - a scroll of enchant armour
 k - a scroll of immolation
 l - a scroll of poison
 m - a scroll of fog
 n - a scroll of torment {unknown}
 o - a scroll of enchant weapon
 p - a scroll of noise {unknown}
 u - a scroll of fear {unknown}
Potions
 a - a potion of magic
 b - a potion of might


   Skills:
 - Level 1.0 Fighting
 - Level 1.0 Short Blades
 - Level 2.0 Dodging
 - Level 5.0 Stealth
 + Level 5.4 Spellcasting
 - Level 4.0 Transmutations
 - Level 5.0 Earth Magic


You had 12 spell levels left.
You knew the following spells:

 Your Spells              Type           Power      Damage    Failure   Level
a - Sandblast             Erth           48%        2d12      1%          1
p - Petrify               Tmut/Erth      22%        N/A       19%         4

Your spell library contained the following spells:

 Spells                   Type           Power      Damage    Failure   Level
 Passwall                 Tmut/Erth      18%        N/A       2%          2
 Stone Arrow              Conj/Erth      28%        3d8       13%         3


Dungeon Overview and Level Annotations

Branches:
Dungeon (7/15)
 Temple: D:4-7

Altars:
Makhleb
Ru

Shops:
D:2 *   D:3 *

Annotations:
D:2 exclusion: downstairs


Innate Abilities, Weirdness & Mutations

You cannot wear most types of armour.
You are amphibious.
You can wear up to eight rings at the same time.
Your skin changes colour to match your surroundings (Stealth+).
Your rubbery body absorbs attacks. (AC +1, EV +1)
((You are camouflaged when in or above water. (Stealth+)))
You have tentacles for arms and can constrict up to eight enemies at once.


Message History

The orc attacks as you move away! The orc barely misses you.
The blast of sand hits the orc!
You kill the orc!
The orc hits you with a +0 mace. x2
The blast of sand hits the orc.
You kill the orc!
The blast of sand misses the orc.
The orc hits you with a +0 mace. You block the orc's attack.
The orc priest hits you with a +0 mace. The orc hits you with a +0 mace.
You are too injured to fight recklessly!
Casting: Sandblast (safe; 1% risk of failure)
Confirm with . or Enter, or press ? or * to list all spells.
Aiming: Sandblast (safe; 1% risk of failure)
Press: ? - help, Shift-Dir - straight line, f - orc priest, p - orc
Aim: an orc priest, wielding a +0 mace and wearing a +0 leather armour (83% to hit)
The blast of sand hits the orc priest.
The orc priest is moderately wounded.
The orc closely misses you.
The orc priest mumbles some strange prayers to Beogh against you.
Beogh smites you!
* * * LOW HITPOINT WARNING * * *
You block the orc's attack.
Casting: Sandblast (safe; 1% risk of failure)
Confirm with . or Enter, or press ? or * to list all spells.
Aiming: Sandblast (safe; 1% risk of failure)
Press: ? - help, Shift-Dir - straight line, f/p - orc priest
Aim: an orc priest, wielding a +0 mace and wearing a +0 leather armour (moderately wounded, 83% to hit)
Okay, then.
Okay, then.
Okay, then.
It was a potion of degeneration.
There was something very wrong with that liquid.
You feel weakened.
You feel dopey.
You feel clumsy. The orc barely misses you. The orc priest barely misses you.
The orc hits you with a +0 mace.
* * * LOW HITPOINT WARNING * * *
It was a potion of attraction.
You feel attractive to monsters. You block the orc's attack.
The orc priest hits you with a +0 mace.
You die...

........# #.......#
#.......# #.......####
#.ooo..........###
#.o...............
#.)##o...#.#.#....
#..#@o.....#..... #
#..o...........
......##.#..#..#.########
.
.######....##............
#.##
.......................
...
##?#...##############..
###.#####.>...#
###.##~~..#..
#......##($##.#
.##..~~.###.
#......##..##.# #P
.##.~~~~#..


You could see an orc priest and 2 orcs.

Vanquished Creatures
  2 wyverns (D:7)
  A black bear (D:7)
  3 electric eels (D:7)
  A jelly (D:7)
  An orc priest (D:7)
  A hound (D:7)
  3 gnolls (D:3)
  4 adders
  A white imp (D:7)
  A worm (D:2)
  2 dart slugs (D:1)
  9 orcs
  8 ball pythons
  4 bats
  8 endoplasms
  2 giant cockroaches (D:1)
  4 goblins
  4 hobgoblins
  5 kobolds
  5 quokkas
  3 frilled lizards
  3 rats
75 creatures vanquished.

Vanquished Creatures (others)
  A human (D:7)
1 creature vanquished.

Grand Total: 76 creatures vanquished

Notes
Turn   | Place    | Note
-------+----------+-------------------------------------------
     0 | D:1      | Atelerd the Octopode Earth Elementalist began the quest for
                  | the Orb.
     0 | D:1      | Reached XP level 1. HP: 11/11 MP: 3/3
   204 | D:1      | Reached XP level 2. HP: 17/17 MP: 1/5
   622 | D:1      | Reached XP level 3. HP: 21/21 MP: 4/6
  1302 | D:2      | Reached XP level 4. HP: 18/27 MP: 3/8
  1488 | D:2      | Found Qeomy's General Store.
  1497 | D:2      | Bought a scroll of identify for 26 gold pieces
  2099 | D:3      | Identified the +0 plate armour "Kaoshin" {rPois Str+3
                  | Int+3}
  2281 | D:3      | Found Mintukk's Assorted Antiques.
  2285 | D:3      | Bought a scroll labelled URISAZ SEJEGOM for 19 gold pieces
  2288 | D:3      | Identified the +1 pair of boots of the Cobbler {rPois Will-
                  | rCorr Dex-3}
  2302 | D:3      | Found a burning altar of Makhleb.
  2477 | D:3      | Reached XP level 5. HP: 30/31 MP: 4/9
  3286 | D:4      | You fall into a shaft and drop 3 floors!
  3292 | D:7      | Found a sacrificial altar of Ru.
  3296 | D:7      | Noticed a wyvern
  3386 | D:7      | Noticed a wyvern
  3398 | D:7      | Killed a wyvern
  3399 | D:7      | Reached XP level 6. HP: 16/36 MP: 10/10
  3475 | D:7      | Learned a level 4 spell: Petrify
  3495 | D:7      | Noticed a black bear
  3631 | D:7      | Reached skill level 5 in Earth Magic
  3685 | D:7      | Killed a black bear
  3686 | D:7      | Reached XP level 7. HP: 41/41 MP: 0/12
  3945 | D:7      | Killed a wyvern
  3946 | D:7      | Reached skill level 1 in Fighting
  3946 | D:7      | Reached skill level 1 in Short Blades
  3946 | D:7      | Reached skill level 5 in Stealth
  4407 | D:7      | Noticed a human
  4418 | D:7      | Killed a human
  4419 | D:7      | Reached skill level 5 in Spellcasting
  4419 | D:7      | Reached XP level 8. HP: 38/48 MP: 11/16
  4426 | D:7      | Slain by an orc priest

Illustrated notes

Levels and vault maps discovered:
D:1:      wander_arrival_estate, layout_loops_ring
D:2:      minmay_wonky_spiral, layout_loops_corners, serial_shops, shop
D:3:      layout_basic, bloody_makhleb, serial_shops, shop
D:4:      layout_basic, kennysheep_nondescript
D:7:      wad_lake_hut, layout_basic, lemuel_crystal_altar, serial_shops,
          nicolae_shop_window_shopping, hangedman_decor_lopped,
          nrook_mini_backslash, minmay_ruffians

Skill      XL: |  1  2  3  4  5  6  7 |
---------------+----------------------+-----
Transmutations | 2 3 4 |  4.0
Earth Magic    | 4 5 |  5.0
Stealth        | 3 4 5 |  5.0
Spellcasting   | 3 5 |  5.4
Fighting       | 1 |  1.0
Short Blades   | 1 |  1.0
Dodging        | |  2.0

Action                     |  1- 3 |  4- 6 |  7- 9 || total
---------------------------+-------+-------+-------++-------
  Melee: Unarmed           |     4 |       |       ||     4
         Constrict         |     6 |     2 |     4 ||    12
         Spear             |    11 |       |       ||    11
         Short sword       |       |    22 |    24 ||    46
         Tentacles         |       |     3 |    12 ||    15
   Cast: Sandblast         |    41 |    60 |     6 ||   107
         Petrify           |       |     3 |     8 ||    11
    Use: Scroll            |       |     8 |       ||     8
         Potion            |       |     1 |     2 ||     3
   Stab: Sleeping          |     1 |     1 |       ||     2
         Petrified         |       |     6 |    22 ||    28
         Petrifying        |       |       |     1 ||     1
 Armour: Skin              |     2 |     4 |       ||     6
  Dodge: Dodged            |    18 |    29 |     8 ||    55
  Block: Other             |       |     3 |     7 ||    10
         Reflection        |       |     1 |     1 ||     2
